Map: Ley Lines

Players

Lapaned

  • Race: Terran Terran
  • Spawn Location: 7:00

wootwoot - Winner!

  • Race: Zerg Zerg
  • League: Silver
  • Spawn Location: 1:00

VOD

Have the link to the VOD?

Description

Time

  • Played on: April 21, 2025, 11:40 a.m.
  • Length: 3:41
Show
View Real Time Build Order
Export as new Build Order

Lapaned Terran 

Build Orders:  

Get SALT Encoding   

  12  0:00  SCV  
  13  0:12  SCV  
  14  0:20  Supply Depot  
  14  0:24  SCV  
  15  0:29  Refinery  
  15  0:41  SCV  
  16  0:47  Barracks  
  16  0:53  SCV  
  17  1:02  Barracks  
  17  1:06  SCV  
  18  1:18  SCV  
  19  1:26  Barracks  
  19  1:30  SCV  
  20  1:34  Barracks Reactor  
  20  1:42  SCV  
  20  1:44  Supply Depot  
  21  1:52  Barracks Reactor  
  21  2:02  Barracks  
  21  2:05  SCV  
  22  2:11  Supply Depot  
  22  2:16  Barracks Reactor  
  22  2:18  Marine  
  22  2:19  Marine  
  24  2:29  Marine x2  
  26  2:36  Orbital Command  
  26  2:39  Marine  
  26  2:41  Marine  
  28  2:49  Marine x2  
  30  2:52  Barracks Reactor  
  27  3:08  Marine  
  27  3:09  Marine x2  
  27  3:12  Marine  
Show
View Real Time Build Order
Export as new Build Order

wootwoot Zerg - Winner!

Build Orders: Pool Only, Ravager All-In 

Get SALT Encoding   

  12  0:00  Drone  
  13  0:11  Drone  
  14  0:25  Spawning Pool  
  14  0:28  Drone  
  14  0:32  Extractor  
  14  0:35  Drone  
  14  0:39  Extractor  
  13  0:43  Drone  
  14  0:50  Overlord  
  14  1:12  Roach Warren  
  14  1:17  Overlord  
  13  1:52  Roach x3  
  19  2:03  Roach  
  21  2:11  Ravager x3  
  24  2:22  Ravager  
  25  2:25  Roach  
  27  2:39  Overlord  
  27  2:45  Ravager  
  28  2:54  Roach  
  30  3:16  Ravager  
Tags
 
League
Silver
Matchup
TvZ
Opening
Pool Only
Replay Pack
#1B2M-Replays
Spawn Locations
Cross Positions
Add a new tag
Caveats
  • Supply blocks, unpowered buildings, or Contaminate may cause inaccurate times.
  • Supply counts are checked every 10 seconds.